 Dungeon Crawl Stone Soup version 0.30-a0-368-g86fb4627a9 (webtiles) character file.

Game seed: 13215236619477287748

50 RascalDebosk the Magician (level 4, 0/31 HPs)
             Began as a Djinni Venom Mage on Nov 18, 2022.
             Slain by an adder (2 damage)
             ... on level 3 of the Dungeon.
             The game lasted 00:11:34 (1826 turns).

RascalDebosk the Magician (Djinni Venom Mage)       Turns: 1826, Time: 00:11:34

Health: 0/31       AC:  2    Str:  7    XL:     4   Next: 4%
Gold:   64         EV: 12    Int: 18    God:
                   SH:  3    Dex: 14

rFire   + + +      SeeInvis .    n - +8 mace "Kaefine" {freeze, rF++ rN+}
rCold   x . .      Faith    .    g - +0 buckler
rNeg    + . .      Spirit   .    a - +0 robe
rPois   ∞          Reflect  .    (no helmet)
rElec   .          Harm     .    (no cloak)
rCorr   .          Rampage  .    (no gloves)
Will    .....                    (boots unavailable)
Stlth   ++........               (no amulet)
HPRegen 0.25/turn                (no ring)
MPRegen 0.00/turn                (no ring)

@: flying
A: sickness immunity, fire resistance 2, cold vulnerability 1, float, innate
caster, HP casting, extra vitality 1
a: no special abilities


You were on level 3 of the Dungeon.
You visited 1 branch of the dungeon, and saw 3 of its levels.

You collected 64 gold pieces.

Inventory:

Hand Weapons
 n - the +8 mace "Kaefine" (weapon) {freeze, rF++ rN+}
   (You found it on level 2 of the Dungeon)

   It freezes those it strikes, dealing additional cold damage.
   It can also slow down cold-blooded creatures.
   rF:        It greatly protects you from fire.
   rN:        It protects you from negative energy.
 s - a +0 dagger
Armour
 a - a +0 robe (worn)
 g - a +0 buckler (worn)
Scrolls
 b - 3 scrolls of magic mapping {unknown}
 d - 3 scrolls of enchant armour {unknown}
 i - 2 scrolls of immolation {unknown}
 j - a scroll of enchant weapon {unknown}
 m - a scroll of fear {unknown}
 o - a scroll of poison {unknown}
Potions
 c - a potion of mutation {unknown}
 e - 2 potions of might {unknown}
 f - 2 potions of curing {unknown}
 h - a potion of brilliance {unknown}
 k - a potion of ambrosia {unknown}
 l - a potion of heal wounds {unknown}


   Skills:
 - Level 2.1 Dodging
 - Level 1.5 Stealth
 + Level 3.6 Spellcasting


You couldn't memorise any spells.
You knew the following spells:

 Your Spells              Type           Power      Damage    Failure   Level
a - Sting                 Tmut/Pois      64%        1d6       4%          1
b - Poisonous Vapours     Pois/Air       32%        N/A       7%          2
c - Mephitic Cloud        Conj/Pois/Air  16%        N/A       14%         3
d - Olgreb's Toxic Radia  Pois           16%        N/A       43%         4
e - Magic Dart            Conj           64%        1d6       4%          1
Your spell library was empty.

Dungeon Overview and Level Annotations

Branches:
Dungeon (3/15)

Altars:


Innate Abilities, Weirdness & Mutations

You are immune to sickness and miasma.
You are immune to poison.
Your flesh is very heat resistant. (rF++)
You are vulnerable to cold. (rC-)
You float through the air rather than walking.
You learn spells naturally, not from books.
Your magical power is your life essence.
You have superior vitality. (+4 MHP)


Message History

Confirm with . or Enter, or press ? or * to list all spells.
The spell is quite dangerous to miscast (16% risk of failure)!
Continue anyway?
Aiming: Mephitic Cloud (quite dangerous; 16% risk of failure)
Press: ? - help, Shift-Dir - straight line, f/p - goblin
Aim: a goblin, wielding a +1 dagger of venom (heavily wounded, poisoned, chance to affect: 96%)
The ball explodes into a vile cloud!
The stinking cloud engulfs the kobold but does no damage.
The kobold is moderately wounded.
The stinking cloud engulfs you but does no damage.
The stinking cloud engulfs the adder but does no damage.
The stinking cloud engulfs the goblin but does no damage.
The goblin is heavily wounded.
* * * LOW HITPOINT WARNING * * *
You hear an angry hiss.
You hear a shout! x2
The adder is engulfed in noxious fumes.
The adder closely misses you.
The kobold is engulfed in noxious fumes.
The kobold hits you with a +0 short sword.
* * * LOW HITPOINT WARNING * * *
The goblin is engulfed in noxious fumes.
The goblin appears confused.
You hit the adder but do no damage.
You kill the goblin!
You kill the kobold!
The adder is engulfed in noxious fumes.
The adder appears confused.
The adder is engulfed in noxious fumes.
The adder appears confused.
The adder is engulfed in noxious fumes.
The adder appears confused.
The adder misses you.
You thump the adder! You freeze the adder.
You kill the adder!
You have reached level 4!
You feel agile.
Found a stone staircase leading down.
The iguana hisses angrily.
Things that are here:
a +0 short sword; a kobold corpse A dart slug comes into view.
Found 10 gold pieces.
Casting: Mephitic Cloud (quite dangerous; 14% risk of failure)
Confirm with . or Enter, or press ? or * to list all spells.
The spell is quite dangerous to miscast (14% risk of failure)!
Continue anyway?
Aiming: Mephitic Cloud (quite dangerous; 14% risk of failure)
Press: ? - help, Shift-Dir - straight line, f - iguana
Aim: an iguana (chance to affect: 86%)
The ball explodes into a vile cloud!
The stinking cloud engulfs the iguana but does no damage.
* * * LOW HITPOINT WARNING * * *
You hear an angry hiss.
You hear a shout!
The iguana is engulfed in noxious fumes.
The iguana appears confused.
A bat comes into view.
Casting: Mephitic Cloud (quite dangerous; 14% risk of failure)
Confirm with . or Enter, or press ? or * to list all spells.
The spell is astonishingly dangerous to miscast (43% risk of failure)!
Continue anyway?
Okay, then.
The iguana is engulfed in noxious fumes.
The iguana appears confused.
Things that are here:
a +0 short sword; a kobold corpse
Casting: Olgreb's Toxic Radiance (astonishingly dangerous; 43% risk of failure)
Confirm with . or Enter, or press ? or * to list all spells.
Aiming: Poisonous Vapours (safe; 7% risk of failure)
Press: ? - help, Dir - move target, f/p - iguana
Aim: an iguana (confused) Poisonous vapours surround the iguana!
The iguana is poisoned.
* * * LOW HITPOINT WARNING * * *
Casting: Poisonous Vapours (safe; 7% risk of failure)
Confirm with . or Enter, or press ? or * to list all spells.
Aiming: Poisonous Vapours (safe; 7% risk of failure)
Press: ? - help, Dir - move target, f/p - iguana
Aim: an iguana (lightly wounded, confused, poisoned) Poisonous vapours surround the iguana!
The iguana looks even sicker.
* * * LOW HITPOINT WARNING * * *
The bat closely misses you.
Casting: Poisonous Vapours (safe; 7% risk of failure)
Confirm with . or Enter, or press ? or * to list all spells.
Aiming: Poisonous Vapours (safe; 7% risk of failure)
Press: ? - help, Dir - move target, f - bat, p - iguana
Aim: a bat Poisonous vapours surround the bat!
The bat is poisoned.
* * * LOW HITPOINT WARNING * * *
A hobgoblin comes into view.
The iguana is engulfed in noxious fumes.
The bat hits you but does no damage.
You barely miss the bat.
You kill the bat!
A ball python comes into view.
The dart slug launches a dart at you. The slug dart hits you.
* * * LOW HITPOINT WARNING * * *
An adder comes into view.
The adder hisses angrily.
You closely miss the adder. The adder barely misses you. The adder bites you.
* * * LOW HITPOINT WARNING * * *
You hit the adder.
The adder seems to slow down.
You freeze the adder.
The adder is heavily wounded.
You block the adder's attack.
Unknown command.
You miss the adder.
The adder is heavily wounded.
The adder bites you but does no damage. The adder bites you.
You die...

#### ...######
#......#
####......#
#........l##
#. #..S@...#
#.##.....w.##
#......###)g##
##.<...# ##..#
###...#
##).....#
##..# .......
#..# ...<...
#..# .g.....
#..# w......


You could see an iguana (confused, poisoned), an adder (slow), a dart slug and a
hobgoblin.

Vanquished Creatures
  An adder (D:3)
  3 ball pythons (D:1)
  3 bats
  3 endoplasms
  A giant cockroach (D:2)
  3 goblins
  5 hobgoblins
  2 jackals (D:1)
  6 kobolds
  3 quokkas (D:1)
  4 frilled lizards (D:1)
  2 rats (D:1)
36 creatures vanquished.

Notes
Turn   | Place    | Note
-------+----------+-------------------------------------------
     0 | D:1      | RascalDebosk the Djinni Venom Mage began the quest for the
                  | Orb.
     0 | D:1      | RascalDebosk set off with the following spells memorised:
                  | Sting, Poisonous Vapours, Mephitic Cloud, Olgreb's Toxic
                  | Radiance.
     0 | D:1      | Reached XP level 1. HP: 15/15 MP: 0/0
   188 | D:1      | Reached XP level 2. HP: 20/21 MP: 0/0
   277 | D:1      | Reached skill level 3 in Spellcasting
   554 | D:1      | Reached XP level 3. HP: 18/25 MP: 0/0
   554 | D:1      | Learned a level 1 spell: Magic Dart
  1634 | D:2      | Identified the +8 mace "Kaefine" {freeze, rF++ rN+}
  1813 | D:3      | Reached XP level 4. HP: 12/31 MP: 0/0
  1824 | D:3      | HP: 1/31 [adder (2)]
  1826 | D:3      | Slain by an adder

Illustrated notes

Levels and vault maps discovered:
D:1:      minmay_arrival_up_and_down, layout_basic
D:2:      layout_loops_cross
D:3:      layout_basic, mainiacjoe_overflow_two_lobes, mrwooster_statue_mirror,
          minmay_bisected

Skill      XL: |  1  2 |
---------------+-------+-----
Spellcasting   | 3 |  3.6
Dodging        | |  2.1
Stealth        | |  1.5

Action                   |  1- 3 |  4- 6 || total
-------------------------+-------+-------++-------
Melee: Dagger            |     7 |       ||     7
       Mace              |     6 |     4 ||    10
 Cast: Sting             |    10 |       ||    10
       Poisonous Vapours |    40 |     3 ||    43
       Magic Dart        |    21 |       ||    21
       Mephitic Cloud    |     1 |     1 ||     2
Armor: Robe              |     2 |     2 ||     4
Dodge: Dodged            |    15 |     2 ||    17
Block: Buckler           |     2 |     1 ||     3

Table legend: (Time is in decaauts)
 A = Elapsed time spent in this place.
 B = Non-inter-level travel time spent in this place.
 C = Inter-level travel time spent in this place.
 D = Time resting spent in this place.
 E = Time spent auto-exploring this place.
 F = Levels seen in this place.
 G = Mean time per level.
                   A        B        C        D        E       F      G
               +--------+--------+--------+--------+--------+-----+--------+
         Total |   1830 |   1767 |     63 |    182 |   1247 |   3 |  610.0 |
       Dungeon |   1830 |   1767 |     63 |    182 |   1247 |   3 |  610.0 |
               +--------+--------+--------+--------+--------+-----+--------+

Top non-repeatable levels by time:
     D:1: 1145 daAuts
     D:2: 645 daAuts
     D:3: 39 daAuts
